 Dungeon Crawl Stone Soup version 0.28.0 (webtiles) character file.

Game seed: 8611567316701285867

93 browni3141 the Skirmisher (level 4, -3/60 HPs)
             Began as a Minotaur Berserker on Feb 10, 2022.
             Was a Priest of Trog.
             Splashed by a jelly's acid (10 damage)
             ... on level 4 of the Dungeon.
             The game lasted 00:01:56 (3036 turns).

browni3141 the Skirmisher (Minotaur Berserker)      Turns: 3036, Time: 00:01:57

Health: -3/60      AC:  1    Str: 23    XL:     4   Next: 36%
Magic:  3/3        EV:  4    Int:  4    God:    Trog [***...]
Gold:   117        SH: 13    Dex: 10    Spells: 3/3 levels left

rFire   . . .      SeeInvis .   a - +0 hand axe
rCold   . . .      Faith    .   g - +2 tower shield
rNeg    . . .      Spirit   .   h - +0 chain mail
rPois   .          Reflect  .   (helmet restricted)
rElec   .          Harm     .   (no cloak)
rCorr   .          Rampage  .   (no gloves)
Will    .....                   (no boots)
Stlth   ..........              (no amulet)
HPRegen 0.20/turn               (no ring)
MPRegen 0.08/turn               (no ring)

@: berserking, corroded, very quick
A: horns 2, retaliatory headbutt
a: Renounce Religion, Berserk, Trog's Hand


You were on level 4 of the Dungeon.
You worshipped Trog.
Trog was most pleased with you.
You visited 1 branch of the dungeon, and saw 4 of its levels.

You collected 117 gold pieces.

Inventory:

Hand Weapons
 a - a +0 hand axe (weapon)
Armour
 b - a +0 animal skin
 g - a +2 tower shield (worn)
 h - a +0 chain mail (worn)
Wands
 m - a wand of digging (5)
Scrolls
 c - a scroll of vulnerability {unknown}
 d - 2 scrolls of identify {unknown}
 i - 5 scrolls of teleportation {unknown}
 j - a scroll of fear {unknown}
Potions
 e - 4 potions of curing {unknown}
 f - a potion of brilliance {unknown}
 k - a potion of degeneration {unknown}
 l - a potion of might {unknown}


   Skills:
 + Level 4.2 Fighting
 * Level 4.2 Axes
 + Level 3.1 Armour
 + Level 2.8 Dodging
 * Level 2.7 Shields


You had 3 spell levels left.
You didn't know any spells.
Your spell library was empty.

Dungeon Overview and Level Annotations

Branches:
Dungeon (4/15)
 Temple: D:4-7

Altars:
Ru


Innate Abilities, Weirdness & Mutations

You have a pair of horns on your head.
You reflexively headbutt those who attack you in melee.


Message History

No target in view!
You now have 117 gold pieces (gained 7).
A hobgoblin comes into view.
The hobgoblin shouts!
A hobgoblin is nearby!
A hobgoblin is nearby!
A jelly comes into view.
The jelly quivers.
You block the hobgoblin's attack.
You hit the hobgoblin but do no damage. You block the hobgoblin's attack.
You hit the hobgoblin.
You kill the hobgoblin!
Trog accepts your kill. You block the jelly's attack.
You barely miss the jelly. You block the jelly's attack.
You slash the jelly! The acid corrodes you!
Your hands burn!
The jelly is heavily wounded.
You block the jelly's attack. x2
You hit the jelly but do no damage. The acid corrodes you!
Your hands burn!
The jelly is heavily wounded.
The jelly hits you.
You are splashed with acid.
You hit the jelly but do no damage.
Your hands burn!
The jelly is moderately wounded.
The jelly hits you.
You are splashed with acid!
The jelly jiggles.
The jelly hits you.
You are splashed with acid!
* * * LOW HITPOINT WARNING * * *
You completely miss the jelly.
The jelly is moderately wounded.
You block the jelly's attack.
You are too injured to fight recklessly!
You hit the jelly.
Your hands burn!
* * * LOW HITPOINT WARNING * * *
The jelly is heavily wounded.
You block the jelly's attack. x2
A red film seems to cover your vision as you go berserk!
You feel yourself moving faster!
You feel mighty! The jelly hits you.
* * * LOW HITPOINT WARNING * * *
You are splashed with acid!
You die...

############
......J@...#
##########.#
#.#
#.#######
#.......#
#######.# #
#.#######
#........
#).######


You could see a jelly.

Vanquished Creatures
  An adder (D:2)
  2 worms
  3 orcs (D:3)
  7 endoplasms
  4 giant cockroaches
  7 hobgoblins
  8 jackals
  4 quokkas
  8 ball pythons
  3 bats
  4 frilled lizards
  5 goblins
  6 kobolds
  6 rats
68 creatures vanquished.

Notes
Turn   | Place    | Note
-------+----------+-------------------------------------------
     0 | D:1      | browni3141 the Minotaur Berserker began the quest for the
                  | Orb.
     0 | D:1      | Reached XP level 1. HP: 19/19 MP: 0/0
   179 | D:1      | Reached XP level 2. HP: 20/27 MP: 1/1
   521 | D:1      | Reached ** piety under Trog
   910 | D:1      | Reached XP level 3. HP: 33/33 MP: 2/2
  1083 | D:1      | Reached skill level 1 in Shields
  1476 | D:2      | Found a sacrificial altar of Ru.
  2344 | D:3      | Reached *** piety under Trog
  2345 | D:3      | Reached XP level 4. HP: 39/40 MP: 3/3
  2412 | D:3      | Found a faded altar of an unknown god.
  2413 | D:3      | Noticed a great orb of eyes
  2415 | D:3      | Noticed an eye of devastation
  2415 | D:3      | Noticed a shining eye
  2415 | D:3      | Noticed an eye of devastation
  2970 | D:4      | Identified the +0 leather armour of Pan-Flutes {+Inv rC+}
  3036 | D:4      | Splashed by a jelly's acid

Illustrated notes

Levels and vault maps discovered:
D:1:      dpeg_arrival_long_road, layout_loops_ring, serial_rivers,
          chequers_serial_rivers_small_b, chequers_serial_rivers_small_a,
          chequers_serial_rivers_small_b, chequers_serial_rivers_room_b,
          chequers_serial_rivers_small_3, chequers_serial_rivers_micro_e
D:2:      layout_basic, basic_altar, chequers_serial_rivers_micro_a
D:3:      layout_basic, hellmonk_ecumenical_altar_watching_god
D:4:      layout_loops_ring, minmay_temple_entry_offerings,
          ebering_dispersal_statue_hall, grunt_ministairs_7

Skill      XL: |  1  2  3 |
---------------+----------+-----
Fighting       | 4 |  4.2
Axes           | 4 |  4.2
Shields        | 2 |  2.7
Armour         | 3 |  3.1
Dodging        | |  2.8

Action                   |  1- 3 |  4- 6 || total
-------------------------+-------+-------++-------
Melee: Hand axe          |   109 |    37 ||   146
       Headbutt          |    17 |     6 ||    23
Invok: Berserk           |       |     2 ||     2
Armor: Animal skin       |    11 |       ||    11
       Chain mail        |    23 |    21 ||    44
Dodge: Dodged            |    51 |     6 ||    57
Block: Tower shield      |    25 |    34 ||    59
